 Dungeon Crawl Stone Soup version 0.13-a0-2001-g039544c (webtiles) character file.

324 Kae the Skirmisher (level 5, -1/37 HPs)
             Began as a High Elf Fighter on June 25, 2013.
             Killed from afar by an orc wizard (9 damage)
             ... with a magic dart
             ... on Level 3 of the Dungeon.
             The game lasted 00:02:40 (2443 turns).

Kae the Skirmisher (High Elf Fighter)               Turns: 2443, Time: 00:02:40

HP  -1/37        AC  7     Str 15      XL: 5   Next: 19%
MP   7/7         EV  6     Int 12      God:
Gold 163         SH 19     Dex 15      Spells:  0 memorised,  4 levels left

Res.Fire  : . . .   See Invis. : .   a - +0 elf short sword
Res.Cold  : . . .   Warding    : .   b - +0 elf scale mail
Life Prot.: . . .   Conserve   : .   c - +0 elf shield
Res.Poison: .       Res.Corr.  : .   (no helmet)
Res.Elec. : .       Clarity    : .   (no cloak)
Sust.Abil.: . .     Spirit.Shd : .   (no gloves)
Res.Mut.  : .       Stasis     : .   (no boots)
Res.Rott. : .       Flight     : .   (no amulet)
Saprovore : . . .                    (no ring)
                                     (no ring)

@: about to teleport, slowed, very slow, slightly resistant to hostile
enchantments, extremely unstealthy
A: no striking features
a: no special abilities


You were on level 3 of the Dungeon.
You were very hungry.

You visited 1 branch of the dungeon, and saw 3 of its levels.

You collected 143 gold pieces.

Inventory:

Hand weapons
 a - a +0,+0 elven short sword (weapon)
Armour
 b - a +0 elven scale mail (worn)
 c - a +0 elven shield (worn)
Comestibles
 d - 2 bread rations
 f - 2 pears
 u - an apple
Scrolls
 h - 4 scrolls of identify {unknown}
 j - 2 scrolls of magic mapping {unknown}
 k - a scroll of curse jewellery {unknown}
 q - a scroll of enchant armour {unknown}
 r - a scroll of curse armour {unknown}
 s - a scroll of remove curse {unknown}
 t - a scroll of curse weapon {unknown}
Potions
 g - a potion of magic {unknown}
 i - a potion of flight {unknown}
 l - 2 potions of degeneration {unknown}
 m - a potion of mutation {unknown}
 n - 2 potions of poison {unknown}
 p - 3 potions of heal wounds {unknown}
 w - a potion of speed {unknown}
Books
 o - a book of Hinderance

   Spells                             Type                      Level
   Confusing Touch                    Hexes                        1
   Slow                               Hexes                        2
   Confuse                            Hexes                        3
   Petrify                            Transmutation/Earth          4
   Leda's Liquefaction                Hexes/Earth                  4
   Metabolic Englaciation             Hexes/Ice                    6


   Skills:
 + Level 4.0 Fighting
 - Level 2.4 Short Blades
 - Level 2.8 Armour
 * Level 3.6 Dodging
 + Level 3.3 Shields


You had 4 spell levels left.
You didn't know any spells.

Dungeon Overview and Level Annotations

Branches:
Dungeon (3/27)

Altars:
Fedhas


Message History

Drink which item? (? for menu, Esc to quit)
You feel better.
The orc wizard hits you but does no damage.
You block the orc wizard's attack.
Unknown command.
Read which item? (? for menu, Esc to quit)
As you read the scroll of teleportation, it crumbles to dust.
You feel strangely unstable.
The orc wizard hits you but does no damage.
The orc wizard hits you with an orcish dagger.
The orc wizard hits you but does no damage.
You completely miss the orc wizard.
The orc wizard is heavily wounded.
The orc wizard hits you but does no damage.
The orc wizard gestures at you while chanting.
The magic dart hits you!
* * * LOW HITPOINT WARNING * * *
The orc wizard gestures at you while chanting.
The magic dart hits you!
You die...

. #.#####...#.# #...
#.......(...#
##...########..######.
.......................
#......########..#######
............#..#
#........[.#..#######
#.())......#.>.......
#...@o.....#..#######
#....o.....#..#
#.......)..#..# ♣
#..........#^.# .♣
#..........#..#


PP♣ #..........#..# ♣P.♣ #..(.......#..# ♣♣♣♣ .####..........#..# .♣.♣♣#
...............#(.# You could see 2 orc wizards.

Vanquished Creatures
  An orc wizard (D:3)
  Jessica (D:2)
  4 adders
  An adder skeleton (D:3)
  A worm (D:2)
  12 orcs (D:3)
  10 bats
  3 goblins (D:2)
  5 hobgoblins
  2 quokkas
  3 ball pythons
  A giant cockroach (D:2)
  2 giant newts (D:1)
  8 kobolds
  9 rats
63 creatures vanquished.

Notes
Turn   | Place    | Note
--------------------------------------------------------------
     0 | D:1      | Kae, the High Elf Fighter, began the quest for the Orb.
     0 | D:1      | Reached XP level 1. HP: 16/16 MP: 1/1
     3 | D:1      | Noticed a shark
     3 | D:1      | Noticed a shark
   298 | D:1      | Reached XP level 2. HP: 19/21 MP: 2/2
   661 | D:2      | Reached skill level 1 in Dodging
   661 | D:2      | Reached XP level 3. HP: 21/27 MP: 4/4
   667 | D:2      | Found a blossoming altar of Fedhas.
   683 | D:2      | Noticed Jessica
   691 | D:2      | Killed Jessica
   878 | D:2      | Reached XP level 4. HP: 13/32 MP: 6/6
  2329 | D:3      | Reached XP level 5. HP: 37/37 MP: 7/7
  2431 | D:3      | Reached skill level 4 in Fighting
  2443 | D:3      | Killed from afar by an orc wizard

Action                   |  1- 3 |  4- 6 || total
-------------------------+-------+-------++-------
Melee: Short sword       |   135 |   147 ||   282
  Use: Potion            |       |     4 ||     4
       Scroll            |       |     2 ||     2
